 Dungeon Crawl Stone Soup version 0.22-a0-609-gfedc9ff (webtiles) character file.

6062 varam the Blocker (level 10, -2/60 HPs)
             Began as a Gargoyle Fighter on July 10, 2018.
             Was an Elder of Cheibriados.
             Slain by a spiny frog (16 damage)
             ... on level 1 of the Lair of Beasts.
             The game lasted 00:25:27 (11981 turns).

varam the Blocker (Gargoyle Fighter)               Turns: 11981, Time: 00:25:28

Health: -2/60      AC: 13    Str: 30    XL:     10   Next: 87%
Magic:  12/15      EV: 10    Int: 22    God:    Cheibriados [****..]
Gold:   557        SH: 19    Dex: 19    Spells: 6/9 levels left

rFire    . . .     SeeInvis +   K - +8 war axe of Springtime {chop, rElec rPois}
rCold    . . .     Gourm    .   c - +0 shield
rNeg     + . .     Faith    .   U - +0 troll leather armour {Purgy}
rPois    ∞         Spirit   .   x - +1 hat
rElec    +         Reflect  +   (no cloak)
rCorr    .         Harm     .   (no gloves)
MR       .....                  B - +0 pair of boots
Stlth    +.........             G - +5 amulet of reflection
HPRegen  0.60/turn              i - ring of see invisible
MPRegen  0.14/turn              R - ring of wizardry

@: very slow
A: negative energy resistance 1, electricity resistance, unbreathing,
petrification resistance, rot immunity, AC +7
a: Bend Time, Temporal Distortion, Slouch, Renounce Religion


You were on level 1 of the Lair of Beasts.
You worshipped Cheibriados.
Cheibriados was greatly pleased with you.
You were very full.

You visited 2 branches of the dungeon, and saw 11 of its levels.
You also visited: Sewer.

You collected 557 gold pieces.

Inventory:

Hand Weapons
 a - a +0 flail
 b - a +2 trident of protection
 f - a +3 trident of freezing
 p - a +2 vampiric dagger
 A - a +0 whip
 H - a +3 shortbow
 K - the +8 war axe of Springtime (weapon) {chop, rElec rPois}
   (You found it on level 7 of the Dungeon)

   It inflicts extra damage upon your enemies.
   It insulates you from electricity.
   It protects you from poison.
 N - the +7 mace "Saesuir" {elec, rF- Str+3}
   (You found it on level 8 of the Dungeon)

   Occasionally, upon striking a foe, it will discharge some electrical energy
   and cause terrible harm.
   It affects your strength (+3).
   It makes you vulnerable to fire.
Missiles
 g - 315 stones (quivered)
 k - 5 tomahawks
 L - a throwing net
Armour
 c - a +0 shield (worn)
 o - a +1 leather armour of cold resistance
 x - a +1 hat (worn)
 B - a +0 pair of boots (worn)
 O - a +2 leather armour of fire resistance
 U - a +0 troll leather armour (worn) {Purgy}
Magical Staves
 Q - an uncursed staff of death {unknown}
Jewellery
 i - a ring of see invisible (left hand)
 y - an uncursed amulet of the gourmand
 G - a +5 amulet of reflection (around neck)
 R - a ring of wizardry (right hand)
 T - a +4 amulet of reflection
Wands
 m - a wand of paralysis (18)
 E - a wand of enslavement (18)
 I - a wand of iceblast (8)
 M - a wand of acid (7)
 S - a wand of scattershot (4)
Scrolls
 l - a scroll of immolation
 r - 3 scrolls of identify
 s - a scroll of magic mapping
 t - 6 scrolls of teleportation
 u - a scroll of fear {unknown}
 v - 3 scrolls of random uselessness
 w - 4 scrolls of remove curse
 P - 2 scrolls of fog {unknown}
Potions
 d - 2 potions of might
 h - a potion of haste
 j - 4 potions of heal wounds
 n - a potion of resistance
 q - a potion of curing
 z - 3 potions of degeneration {unknown}
 C - a potion of lignification
 D - a potion of agility {unknown}
 F - 2 potions of flight {unknown}
 J - a potion of brilliance
Comestibles
 e - 15 rations


   Skills:
 * Level 6.2 Fighting
 - Level 3.6(6.3) Axes
 + Level 8.8(9.2) Maces & Flails
 + Level 3.5 Armour
 + Level 10.9 Shields
 + Level 1.5 Charms
 + Level 1.4 Necromancy
 - Level 6.7 Invocations


You had 6 spell levels left.
You knew the following spells:

 Your Spells              Type           Power        Failure   Level  Hunger
a - Regeneration          Chrm/Necr      #.........   21%         3    ####...

Your spell library contained the following spells:

 Spells                   Type           Power        Failure   Level  Hunger
 Cause Fear               Hex            #.........   73%         4    #####..
 Slow                     Hex            #.......     19%         2    ###....
 Confuse                  Hex            #.......     34%         3    ####...
 Invisibility             Hex            #.......     100%        6    #######
 Controlled Blink         Tloc           N/A          100%        8    #######
 Animate Dead             Necr           N/A          52%         4    #####..
 Pain                     Necr           #...         7%          1    ##.....
 Animate Skeleton         Necr           N/A          7%          1    ##.....
 Vampiric Draining        Necr           #.........   21%         3    ####...
 Confusing Touch          Hex            #.....       12%         1    ##.....
 Metabolic Englaciation   Hex/Ice        #.........   96%         5    ######.
 Corona                   Hex            #......      12%         1    ##.....
 Portal Projectile        Hex/Tloc       #.....       34%         3    ####...
 Petrify                  Tmut/Erth      #.......     73%         4    #####..
 Leda's Liquefaction      Hex/Erth       #.........   73%         4    #####..
 Inner Flame              Hex/Fire       #.......     34%         3    ####...
 Spectral Weapon          Hex/Chrm       #.......     26%         3    ####...
 Gell's Gravitas          Tloc           #.........   34%         3    ####...
 Yara's Violent Unravell  Hex/Tmut       #.........   96%         5    ######.


Dungeon Overview and Level Annotations

Branches:
Dungeon (10/15)            Temple (0/1) D:6            Lair (1/6) D:8
    Orc: D:9-12

Altars:
Cheibriados
Elyvilon
Gozag
Hepliaklqana
Makhleb
Nemelex Xobeh
Okawaru
Ru
Sif Muna
Trog
Vehumet
Xom
Yredelemnul
Zin

Portals:
Trove: D:10 (give 6 scrolls of blinking)

Annotations:
D:3 Grinder
D:4 3 runed doors, Gildeon's ghost, amateur MfSk; Hebeh's ghost, amateur DEFE; Ratty's ghost, amateur CeMo
D:5 1 runed door
Lair:1 exclusion: oklob plant


Innate Abilities, Weirdness & Mutations

You are resistant to torment.
Your stone body is resilient. (AC +7)
You are immune to poison.
You resist negative energy. (rN+)
You are resistant to electric shocks. (rElec)
You can survive without breathing.
You are immune to petrification.
You are immune to rotting.


Message History

The spiny frog seems to slow down.
Cheibriados rebukes the komodo dragon.
The komodo dragon seems to slow down.
You feel slightly less full.
A wolf comes into view.
You block the spiny frog's attack. You block the komodo dragon's attack.
The wolf howls!
The bullfrog gives a loud, deep croak!
You slash the komodo dragon!
The komodo dragon is almost dead.
You barely miss the spiny frog.
You hear a howl!
A wolf comes into view. x2
You block the spiny frog's attack. You block the komodo dragon's attack.
The wolf howls!
You slash the komodo dragon!
You kill the komodo dragon!
Cheibriados appreciates the change of pace.
You slash the spiny frog!
A spiny frog comes into view.
The spiny frog stings you!
You die...

##(. . ..%..
...#. .>F.F
..#
#...h......
#..
#...#.F.⌠..
#..
...#..?..#
#.. .h....$..
#.#
##........
#.###@F†..#
#.#.##.......
##.## #......
##...# .#..##
##.##..# . ##
##†#.###.# .#
#..### ... #
#.##..# ...
..###..# ..#


You could see 2 spiny frogs, 2 wolves and a bullfrog.

Vanquished Creatures
  A two-headed ogre (D:7)
  A komodo dragon (Lair:1)
  A troll (D:9)
  2 hippogriffs (D:10)
  A spriggan (D:7)
  A wyvern (D:8)
  Menkaure (D:4)
  2 water moccasins
  Duvessa (D:7)
  Purgy (Sewer)
  2 ice beasts
  2 sky beasts
  2 phantoms
  3 ogres
  A necrophage (D:5)
  3 centaurs
  A crocodile (Lair:1)
  Blork the orc (D:5)
  5 bullfrogs
  A gnoll sergeant (D:3)
  A scorpion (D:8)
  Dowan (D:7)
  7 wights
  6 howler monkeys
  A crimson imp (D:8)
  2 jellies
  3 bullfrog zombies
  3 hounds
  An orc priest (D:6)
  5 bullfrog skeletons
  2 gnoll shamans
  Natasha (twice) (D:2)
  3 iguanas
  10 orc wizards
  6 worker ants
  A hound skeleton (D:5)
  A worker ant zombie (D:7)
  Robin (D:3)
  13 gnolls
  12 adders
  3 oozes
  2 adder zombies (D:5)
  5 worms
  3 dart slugs
  6 leopard geckos
  17 orcs
  11 giant cockroaches
  14 goblins
  14 hobgoblins
  16 jackals
  7 kobolds
  4 quokkas
  2 ball pythons
  9 bats
  7 frilled lizards
  A jackal zombie (D:5)
  A quokka skeleton (D:7)
  7 rats
243 creatures vanquished.

Vanquished Creatures (others)
  2 withered plants (D:4)
2 creatures vanquished.

Grand Total: 245 creatures vanquished

Notes
Turn   | Place    | Note
-------+----------+-------------------------------------------
     0 | D:1      | varam the Gargoyle Fighter began the quest for the Orb.
     0 | D:1      | Reached XP level 1. HP: 14/14 MP: 1/1
   177 | D:1      | Reached XP level 2. HP: 16/19 MP: 2/2
   763 | D:1      | Reached skill level 4 in Shields
   763 | D:1      | Reached XP level 3. HP: 23/23 MP: 3/3
  1698 | D:2      | Reached XP level 4. HP: 27/28 MP: 4/4
  2072 | D:2      | Found a radiant altar of Vehumet.
  2072 | D:2      | Found a snail-covered altar of Cheibriados.
  2073 | D:2      | Found a bloodstained altar of Trog.
  2324 | D:3      | Noticed Natasha
  2347 | D:2      | Killed Natasha
  2581 | D:2      | Noticed Natasha
  2645 | D:2      | Killed Natasha
  2645 | D:2      | Reached skill level 5 in Shields
  2645 | D:2      | Reached XP level 5. HP: 32/32 MP: 5/5
  2942 | D:3      | Reached XP level 6. HP: 36/37 MP: 6/6
  3139 | D:3      | Noticed Robin
  3152 | D:3      | Killed Robin
  3243 | D:3      | Noticed Grinder
  3248 | D:3      | Paralysed by Grinder for 4 turns
  3263 | D:3      | Paralysed by Grinder for 5 turns
  3281 | D:3      | Paralysed by Grinder for 2 turns
  3306 | D:3      | Paralysed by Grinder for 5 turns
  3331 | D:4      | Found a glowing drain.
  3344 | Sewer    | Entered a sewer
  3606 | Sewer    | Noticed Purgy
  3627 | Sewer    | Killed Purgy
  3627 | Sewer    | Reached skill level 5 in Maces & Flails
  3627 | Sewer    | Reached skill level 6 in Shields
  4235 | D:3      | Found a hazy altar of Hepliaklqana.
  4601 | D:3      | Noticed an angel
  4602 | D:3      | Found a glowing silver altar of Zin.
  4901 | D:2      | Became a worshipper of Cheibriados the Contemplative
  5077 | D:4      | Reached XP level 7. HP: 40/41 MP: 7/7
  5546 | D:4      | Noticed Menkaure
  5566 | D:4      | Killed Menkaure
  5732 | D:4      | Reached skill level 7 in Shields
  5939 | D:4      | Reached * piety under Cheibriados
  6086 | D:4      | Found a runed gate.
  6113 | D:4      | Found a runed gate.
  6113 | D:4      | Found a runed gate.
  6115 | D:4      | Noticed Hebeh's ghost (amateur DEFE)
  6116 | D:4      | Noticed Gildeon's ghost (amateur MfSk)
  6117 | D:4      | Noticed Ratty's ghost (amateur CeMo)
  6465 | D:5      | Entered Level 5 of the Dungeon
  6671 | D:5      | Reached XP level 8. HP: 43/46 MP: 8/8
  7084 | D:5      | Found a runed door.
  7092 | D:5      | Found a basalt altar of Yredelemnul.
  7109 | D:5      | Reached skill level 1 in Invocations
  7117 | D:5      | Found a burning altar of Makhleb.
  7119 | D:5      | Found a sacrificial altar of Ru.
  7121 | D:5      | Found a deep blue altar of Sif Muna.
  7203 | D:5      | Reached skill level 8 in Shields
  7219 | D:5      | Noticed Blork the orc
  7228 | D:5      | Killed Blork the orc
  7834 | D:6      | Found a staircase to the Ecumenical Temple.
  7900 | D:6      | Reached ** piety under Cheibriados
  8213 | D:6      | Learned a level 3 spell: Regeneration
  8360 | D:6      | Found an opulent altar of Gozag.
  8402 | D:6      | Reached XP level 9. HP: 20/51 MP: 10/12
  8600 | D:6      | Reached skill level 9 in Shields
  8633 | D:6      | Found a sparkling altar of Nemelex Xobeh.
  9382 | D:7      | Got a steaming war axe
  9383 | D:7      | Identified the +8 war axe of Springtime {chop, rElec rPois} (You found it on level 7 of the Dungeon)
  9409 | D:7      | Reached *** piety under Cheibriados
  9422 | D:7      | Reached skill level 5 in Invocations
  9483 | D:7      | Noticed Duvessa
  9484 | D:7      | Noticed Dowan
  9489 | D:7      | Killed Dowan
  9495 | D:7      | Killed Duvessa
  9590 | D:7      | Noticed a two-headed ogre
  9597 | D:7      | Killed a two-headed ogre
  9597 | D:7      | Reached skill level 10 in Shields
  9890 | D:7      | Reached XP level 10. HP: 38/56 MP: 14/14
  9989 | D:8      | Found a staircase to the Lair.
 10000 | D:8      | Identified the Grimoire of Warped Enchantment
 10126 | D:8      | Found an iron altar of Okawaru.
 10436 | D:8      | Got a dazzling mace
 10437 | D:8      | Identified the +7 mace "Saesuir" {elec, rF- Str+3} (You found it on level 8 of the Dungeon)
 10912 | D:9      | Reached **** piety under Cheibriados
 10973 | D:9      | Reached skill level 5 in Fighting
 11203 | D:9      | Found a basalt altar of Yredelemnul.
 11295 | D:9      | Found a white marble altar of Elyvilon.
 11515 | D:9      | Found a shimmering altar of Xom.
 11550 | D:10     | Entered Level 10 of the Dungeon
 11580 | D:10     | Found a portal to a secret trove of treasure.
 11757 | D:10     | Reached skill level 1 in Charms
 11764 | D:10     | Reached skill level 1 in Necromancy
 11817 | D:10     | Noticed a gargoyle
 11866 | Lair:1   | Entered Level 1 of the Lair of Beasts
 11933 | Lair:1   | Noticed an oklob plant
 11973 | Lair:1   | Noticed a spiny frog
 11981 | Lair:1   | Noticed a spiny frog
 11981 | Lair:1   | Slain by a spiny frog

Vault maps used:
D:1:      dpeg_arrival_prison
D:2:      nicolae_overflow_hidden_temple
D:3:      zin_angel, old_standard_altar, minmay_misc_feat_iff, uniq_natasha,
          uniq_robin, uniq_grinder
D:4:      gammafunk_ghost_cemetery, first_ration, cheibrodos_sewer_entry_drain,
          uniq_menkaure
D:5:      grunt_temple_overflow_diamond, dk_yredelemnul_ordeal,
          uniq_blork_the_orc
D:6:      lemuel_crystal_altar, temple_green, nrook_uturn,
          nicolae_gozag_seed_capital
D:7:      the_bakery, hangedman_decor_clover_reticule, uniq_duvessa
D:8:      okawaru_ov_weapons_minmay, lair_entry_dummy, serial_corexii_hall,
          corexii_hall_statues_t, corexii_hall_statues_i,
          corexii_hall_statues_x, corexii_hall_statues_s,
          grunt_decor_mini_mirrors
D:9:      kennysheep_ying_yang, kennysheep_mini
D:10:     basic_altar, enter_trove_0, uniq_sonja, uniq_urug
Lair:1:   eino_small_chamber_without_monster, infiniplex_staircase_pool_2,
          grunt_megastairs_2, minmay_lair_oklob_chamber
Sewer:    kennysheep_door_sewer

Skill      XL: |  1  2  3  4  5  6  7  8  9 10 |
---------------+-------------------------------+-----
Shields        | 4 5 6 7 8 10 | 10.9
Maces & Flails | 3 4 5 6 7 8 |  8.8
Invocations    | 4 6 |  6.7
Axes           | 2 3 |  3.6
Fighting       | 6 |  6.2
Charms         | 1 |  1.5
Necromancy     | 1 |  1.4
Armour         | |  3.5

Action                   |  1- 3 |  4- 6 |  7- 9 | 10-12 || total
-------------------------+-------+-------+-------+-------++-------
Melee: Flail             |   152 |   179 |   309 |       ||   640
       Whip              |       |   218 |    83 |       ||   301
       War axe           |       |       |    38 |    68 ||   106
       Trident           |       |       |    33 |       ||    33
       Mace              |       |       |       |    86 ||    86
Throw: Stone             |     4 |       |     1 |     1 ||     6
Invok: Bend Time         |       |       |       |     1 ||     1
Evoke: Wand              |       |       |     5 |     3 ||     8
  Use: Potion            |       |     5 |       |       ||     5
       Scroll            |       |       |    11 |       ||    11
 Stab: Paralysed         |       |       |     3 |     2 ||     5
       Sleeping          |       |       |     2 |     1 ||     3
  Eat: Chunk             |     3 |     8 |    16 |     3 ||    30
       Ration            |       |     1 |     1 |       ||     2
Armor: Scale mail        |    77 |   109 |       |       ||   186
       Skin              |       |     5 |       |       ||     5
       Leather armour    |       |    24 |   118 |       ||   142
       Troll leather arm |       |     4 |    45 |    48 ||    97
Dodge: Dodged            |    61 |    91 |   130 |    53 ||   335
Block: Shield            |    79 |   182 |   252 |   120 ||   633

Table legend:
 A = Spawn XP
 B = Non-spawn XP
 C = Spawn XP percentage of total XP
 D = Spawn monster count
 E = Non-spawn monster count
 F = Spawn count percentage of total count
 G = Total turns spent on level
                    A         B        C        D         E        F      G
               +---------+---------+-------+---------+---------+-------+---------
         Total |       0 |    8660 |   0.0 |       0 |     243 |   0.0 | 11981
               +---------+---------+-------+---------+---------+-------+---------
           D:1 |       0 |      65 |   0.0 |       0 |      31 |   0.0 |  1245
           D:2 |       0 |     125 |   0.0 |       0 |      25 |   0.0 |  1453
           D:3 |       0 |     334 |   0.0 |       0 |      40 |   0.0 |  1690
           D:4 |       0 |     377 |   0.0 |       0 |      25 |   0.0 |  1599
           D:5 |       0 |     707 |   0.0 |       0 |      22 |   0.0 |  1057
           D:6 |       0 |    1276 |   0.0 |       0 |      33 |   0.0 |  1729
           D:7 |       0 |    1647 |   0.0 |       0 |      13 |   0.0 |   670
           D:8 |       0 |    1387 |   0.0 |       0 |      18 |   0.0 |   910
           D:9 |       0 |    1140 |   0.0 |       0 |      20 |   0.0 |   740
          D:10 |       0 |     759 |   0.0 |       0 |       6 |   0.0 |   273
        Lair:1 |       0 |     700 |   0.0 |       0 |       4 |   0.0 |   115
         Sewer |       0 |     143 |   0.0 |       0 |       6 |   0.0 |   500
               +---------+---------+-------+---------+---------+-------+---------
